 Dungeon Crawl Stone Soup version 0.16.1-11-g651b585 (webtiles) character file.

515741 Zell789 the Formicid Blade (level 26, -2/213 HPs)
             Began as a Formicid Fighter on Apr 4, 2015.
             Was the Champion of the Shining One.
             Killed from afar by a revenant (18 damage)
             ... with a ghostly fireball
             ... on level 1 of the Tomb of the Ancients on Apr 5, 2015.
             The game lasted 06:41:53 (64492 turns).

Zell789 the Formicid Blade (Formicid Fighter)      Turns: 64492, Time: 06:41:53

Health: -2/213     AC: 33    Str: 24      XL:     26   Next: 45%
Magic:  38/48      EV: 14    Int: 15 (17) God:    the Shining One [******]
Gold:   4800       SH: 23    Dex: 20      Spells: 2 memorised, 20 levels left

rFire  + . .     SeeInvis +     b - +10 sword of Jihad {holy, *Rage rN+ EV+3 Stlth-}
rCold  + + +     Clarity  .     z - +4 gold dragon armour (curse)
rNeg   + + +     SustAb   +     C - +5 shield {reflect} (curse)
rPois  +         Gourm    .     (helmet unavailable)
rElec  .         Spirit   .     h - +0 cloak {MR+} (curse)
rCorr  .         Warding  .     v - +1 pair of gloves of Good Intentions {-Cast Int+4 Dex+4}
rMut   +         Stasis   +     w - +0 pair of boots (curse)
MR     +++++     NoCast   +     I - amulet of resist mutation (curse)
Stlth  ..........               H - ring "Retodyckez" {Wiz rC+ MR++ Str+2} (curse)
                                X - ring of Pnonit {SustAb rC+ MP+9 Int+2}

@: glowing, studying Armour, almost entirely resistant to hostile enchantments,
extremely unstealthy
A: permanent stasis, dig shafts and tunnels, four strong arms, antennae 3,
hooves 1, molten scales 1, mutation resistance 1, sense surroundings 1, poison
resistance, shaggy fur 1, weak 1, wild magic 2, no device heal 1
a: Dig, Shaft Self, Divine Shield, Cleansing Flame, Summon Divine Warrior,
Renounce Religion
}: 3/15 runes: barnacled, silver, gossamer


You were on level 1 of the Tomb of the Ancients.
You worshipped the Shining One.
The Shining One was exalted by your worship.
You were near starving.

You visited 10 branches of the dungeon, and saw 50 of its levels.
You visited 2 bazaars.
You also visited: Bailey and Wizlab.

You collected 10389 gold pieces.
You spent 5589 gold pieces at shops.

Inventory:

Hand weapons
 b - the +10 sword of Jihad (weapon) {holy, *Rage rN+ EV+3 Stlth-}
   (You found it on level 9 of the Dungeon)

   It has been blessed by the Shining One to cause great damage to the undead
   and demons.
   It affects your evasion (+3).
   It protects you from negative energy.
   It may make you go berserk in combat.
   It makes you less stealthy.
 y - a +2 great sword of flaming
Armour
 h - a cursed +0 cloak of magic resistance (worn)
 v - the +1 pair of gloves of Good Intentions (worn) {-Cast Int+4 Dex+4}
   (You found it on level 4 of the Dungeon)

   It affects your intelligence (+4).
   It affects your dexterity (+4).
   It prevents spellcasting.
 w - a cursed +0 pair of boots (worn)
 z - a cursed +4 gold dragon armour (worn)
 C - a cursed +5 shield of reflection (worn)
Jewellery
 c - the ring of Shaolin {EV+8}
   (You found it on level 3 of the Crypt)

   [ring of evasion]

   It affects your evasion (+8).
 d - a cursed ring of protection from fire
 r - an uncursed ring of protection from fire
 B - a cursed ring of flight
 H - the cursed ring "Retodyckez" (right hand) {Wiz rC+ MR++ Str+2}
   (You found it on level 5 of the Vaults)

   [ring of wizardry]

   It improves your spell success rate.
   It affects your strength (+2).
   It protects you from cold.
   It affects your resistance to hostile enchantments.
   It has a curse placed upon it.
 I - a cursed amulet of resist mutation (around neck)
 J - an uncursed amulet of faith
 K - the cursed ring "Prit" {+/*Tele rPois Dex+3}
   (You bought it in a shop on level 12 of the Dungeon)

   [ring of teleportation]

   It causes random teleportation, and can be evoked to teleport at will.
   It affects your dexterity (+3).
   It protects you from poison.
   It has a curse placed upon it.
 Q - an uncursed ring of protection from cold
 T - a cursed ring of protection from magic
 X - the ring of Pnonit (left hand) {SustAb rC+ MP+9 Int+2}
   (You bought it in a shop on level 3 of the Elven Halls)

   [ring of sustain abilities]

   It sustains your strength, intelligence and dexterity.
   It affects your intelligence (+2).
   It protects you from cold.
   It affects your magic capacity (+9).
Magical devices
 q - a wand of hasting (2)
 t - a wand of heal wounds (3)
 D - a wand of slowing (22)
 F - a wand of enslavement (20)
 L - a wand of fire (9)
 N - a wand of hasting (2)
Scrolls
 f - 6 scrolls of enchant weapon
 g - 2 scrolls of fear
 j - a scroll of magic mapping
 l - 9 scrolls of identify
 p - 16 scrolls of remove curse
 E - a scroll of summoning
 G - a scroll of enchant armour
 M - 4 scrolls of recharging
 U - 3 scrolls of silence
Potions
 a - 5 potions of resistance
 e - 6 potions of might
 i - 3 potions of cancellation
 m - 7 potions of restore abilities
 o - 4 potions of magic
 u - 2 potions of heal wounds
 x - 13 potions of curing
 A - 3 potions of flight
 O - 4 potions of agility
 Y - a potion of cure mutation
Books
 V - a manual of Armour
Comestibles
 k - 22 meat rations
 n - 48 fruits
 W - 17 bread rations


   Skills:
 + Level 18.9 Fighting
 * Level 26.7 Long Blades
 + Level 16.8 Armour
 + Level 8.5 Dodging
 - Level 3.0 Stealth
 + Level 23.4 Shields
 + Level 14.1 Invocations


You had 20 spell levels left.
You knew the following spells:

 Your Spells              Type           Power        Failure   Level  Hunger
a - Song of Slaying       Chrm           #.......     100%        2    ###....
b - Spectral Weapon       Hex/Chrm       #.......     100%        3    ####...


Dungeon Overview and Level Annotations

Branches:
Dungeon (15/15)            Temple (1/1) D:6            Lair (8/8) D:9
 Shoals (5/5) Lair:4       Spider (5/5) Lair:4        Slime (0/6) Lair:6
    Orc (4/4) D:11            Elf (3/3) Orc:3        Vaults (5/5) D:13
  Crypt (3/3) Vaults:3       Tomb (1/3) Crypt:3      Depths (0/5) D:15

Altars:
Ashenzari
Cheibriados
Dithmenos
Elyvilon
Fedhas
Gozag
Kikubaaqudgha
Nemelex Xobeh
Okawaru
Qazlal
Ru
Sif Muna
Trog
Vehumet
Xom
Yredelemnul
Zin
The Shining One

Shops:
D:8 %   D:12 =   D:13 }   Orc:1 (   Orc:2 :   Orc:3 %   Orc:4 %*![?   Elf:3 *
Shoals:2 (   Vaults:3 [(*

Annotations:
D:15 exclusion: Roxanne, Roxanne


Innate Abilities, Weirdness & Mutations

You are under a permanent stasis effect.
You can dig through walls and to a lower floor.
Your four strong arms can wield two-handed weapons with a shield.
You have a pair of large antennae on your head (SInv).
You have large cloven feet.
You are partially covered in molten scales (AC +1).
You are somewhat resistant to further mutation.
You passively map a small area around you.
Your system is resistant to poisons.
You are covered in fur (AC +1).
You are weak. (Str -2)
Your spells are harder to cast, but more powerful.
Potions and wands are less effective at restoring your health.


Message History

The revenant is smitten.
The greater mummy mumbles some strange words.
The revenant lashes out with ghostly flames.
The ghostly flame explodes!
The ghostly fireball engulfs you! You partially resist.
* * * LOW HITPOINT WARNING * * *
Drink which item? (? for menu, Esc to quit)
Okay, then.
Drink which item? (? for menu, Esc to quit)
Okay, then.
As you read the scroll of fog, it crumbles to dust.
The scroll dissolves into smoke.
The death scarab twitches its antennae in your direction. x2
The greater mummy gestures at you while chanting.
Something smites you!
* * * LOW HITPOINT WARNING * * *
The revenant lashes out with ghostly flames.
The ghostly flame explodes!
The ghostly fireball engulfs you! You partially resist.
You die...

#.....§§§{§MMz#{ #.. , , ,
{ #....###+###A.#{ *#..
.#######....#* , #..#, #..
* ......§§....z# #..# ,
#.. , ......M.§§...A#
#..#, #.. .......B..§B...#
,,#{.# #..
.......B....BL§# { *#..#
#..
............§§§#######..#
,*#..
.............§§@§§....)..#
*#..
####.......##############
{ #.. , ##'''''##* {,{ { ,
#.. *#.......# { ,,, #.. ,
#.8...8.#*, * * #..
{*#.......# , ,,, ,, *#..
, #.......# , , {, #.. * *
#.8...8.# , #.. #.......#
, , { #..


You could see a greater mummy, a revenant and 2 death scarabs.

Vanquished Creatures
  Margery (Vaults:4)
  A golden dragon (Vaults:5)
  A profane servitor (Crypt:3)
  Arachne (Spider:5)
  A bone dragon (Crypt:3)
  2 tentacled monstrosities
  The ghost of SolCadguy the Warrior, a mighty NaFi of Okawaru (Shoals:5)
  2 liches
  A deep elf master archer (Elf:3)
  A deep elf blademaster (Elf:3)
  2 krakens (Shoals:5)
  3 sphinxes (Tomb:1)
  Polyphemus (Shoals:1)
  Agnes (Spider:1)
  3 thorn hunters (WizLab)
  Kirke (Shoals:3)
  2 tengu reavers
  5 ancient champions
  A storm dragon (Vaults:5)
  A shadow dragon (Vaults:5)
  4 revenants
  The ghost of StephenWHawking the Warrior, a mighty GrBe of Trog (Spider:4)
  Ilsuiw (Shoals:5)
  4 fire giants
  Donald (Spider:3)
  3 frost giants
  An iron dragon (Vaults:5)
  16 vault wardens
  5 deep elf sorcerers
  3 ghost moths (Spider:5)
  4 emperor scorpions (Spider:5)
  An orc warlord (Bailey)
  3 curse skulls
  Gastronok (Lair:2)
  5 ghouls
  13 ironheart preservers
  A reaper (Crypt:2)
  Jorgrun (Spider:4)
  2 very ugly things (Vaults:5)
  3 war gargoyles (Vaults:5)
  3 deep elf demonologists
  8 stone giants
  5 vampire knights
  3 deep elf annihilators
  Azrael (Spider:1)
  6 dire elephants (Lair:8)
  An unborn (Crypt:3)
  10 deep elf death magi
  A crystal guardian (Vaults:4)
  A merfolk javelineer (Shoals:5)
  6 ettins
  11 merfolk impalers
  2 fire dragons
  The ghost of VortexMagus the Thaumaturge, a powerful DECj of Vehumet (D:12)
  15 jiangshi
  11 yaktaur captains
  31 vault guards
  2 great orbs of eyes
  7 eidola
  Fannar (Lair:3)
  2 death cobs (Crypt:3)
  An ice dragon (Vaults:4)
  6 hydras
  2 large abominations
  Nessos (Spider:1)
  2 catoblepae
  3 deep elf high priests
  10 centaur warriors
  2 deep troll earth magi (Vaults:4)
  6 merfolk avatars
  7 merfolk aquamancers
  12 death yaks
  A satyr (WizLab)
  13 dancing weapons (Elf:2)
  An anaconda (Lair:8)
  2 vampire magi
  6 death knights
  7 ogre magi
  2 deep troll shamans (Vaults:4)
  3 soul eaters
  4 orc high priests (Orc:4)
  10 hell knights
  37 deep elf knights
  3 unseen horrors
  6 death scarabs (Tomb:1)
  60 skeletal warriors
  A titan skeleton (Crypt:1)
  2 fire crabs
  7 flayed ghosts
  4 storm dragon skeletons
  9 shadow wraiths
  2 giant orange brains
  13 sea snakes
  20 harpies
  12 deep elf summoners
  8 ironbrand convokers
  15 deep trolls
  2 anaconda skeletons (Crypt:1)
  A spectral hydra (Crypt:3)
  A shining eye (shapeshifter) (Vaults:5)
  An anubis guard (Tomb:1)
  11 griffons
  4 hornets
  11 hill giants
  3 wizards
  20 deep elf conjurers
  14 orb spiders
  6 necromancers
  28 wolf spiders
  A spectral alligator (Crypt:3)
  14 manticores
  A frost giant zombie (Vaults:5)
  An orc sorcerer (Elf:3)
  12 phantasmal warriors
  5 cyclopes
  2 shadow dragon skeletons (Crypt:1)
  16 ugly things
  4 fauns
  3 salamanders (shapeshifter)
  3 centaur zombies
  16 elephants
  23 orc knights
  A manticore (shapeshifter) (Vaults:5)
  A sixfirhy (Vaults:3)
  14 water nymphs
  A frost giant skeleton (Crypt:1)
  A guardian serpent (shapeshifter) (Vaults:5)
  An iron dragon skeleton (Crypt:1)
  A naga mage (D:15)
  8 sirens
  2 stone giant skeletons (Crypt:1)
  3 moths of wrath
  15 vault sentinels
  A fire giant skeleton (Crypt:1)
  5 drowned souls
  2 titan simulacra
  A torpor snail (Spider:4)
  16 spiny frogs
  An orange demon (Elf:3)
  2 gargoyles
  A torpor snail (shapeshifter) (Vaults:2)
  5 black mambas
  A spiny frog (shapeshifter) (Vaults:2)
  A white draconian zombie (Crypt:2)
  10 komodo dragons
  5 small abominations
  2 shock serpent skeletons (Crypt:1)
  2 centaur skeletons
  2 kobold demonologists
  An efreet (D:14)
  12 demonic crawlers
  24 yaktaurs
  13 deep elf priests
  5 guardian mummies (Tomb:1)
  A red draconian skeleton (Crypt:1)
  A jumping spider (shapeshifter) (Vaults:3)
  A hellwing (Orc:4)
  A silent spectre (Crypt:2)
  A spectral harpy (Crypt:3)
  37 merfolk
  A tarantella zombie (Crypt:2)
  28 jumping spiders
  A wind drake (shapeshifter) (Vaults:2)
  A sea snake skeleton (Crypt:2)
  4 wandering mushrooms
  A frost giant simulacrum (Crypt:1)
  A hydra skeleton (Crypt:1)
  Prince Ribbit (D:7)
  5 trolls
  10 two-headed ogres
  20 blink frogs
  6 wind drakes
  A troll (shapeshifter) (D:9)
  A basilisk (shapeshifter) (Vaults:3)
  A minotaur skeleton (Crypt:2)
  A harpy skeleton (Crypt:2)
  A giant leech (shapeshifter) (Vaults:5)
  A bog body (Crypt:2)
  2 boulder beetles
  A baby alligator (shapeshifter) (Elf:1)
  16 slime creatures
  9 freezing wraiths
  An ushabti (Tomb:1)
  4 basilisks
  49 redbacks
  19 trapdoor spiders
  2 fire dragon skeletons
  4 shadows
  26 tarantellas
  A centaur simulacrum (D:15)
  7 snapping turtles
  A dire elephant simulacrum (Crypt:3)
  2 vampires
  A spriggan (D:9)
  60 flying skulls
  A stone giant simulacrum (Crypt:1)
  An alligator skeleton (Crypt:2)
  A black mamba skeleton (Crypt:1)
  2 ettin skeletons (Crypt:1)
  22 water elementals
  35 deep elf magi
  A hill giant zombie (D:15)
  A golden eye (shapeshifter) (D:14)
  14 hippogriffs
  A hippogriff (shapeshifter) (D:9)
  2 hogs (Shoals:4)
  A fire bat (Shoals:2)
  Eustachio (Orc:1)
  4 wraiths
  A ynoxinul (Orc:4)
  48 deep elf fighters
  The ghost of Zell789 the Charmwright, an average DrSk (D:3)
  A wind drake skeleton (Crypt:1)
  2 fire elementals (Spider:1)
  2 hogs (shapeshifter)
  A human (D:13)
  3 human zombies
  5 hungry ghosts
  A torturous demonspawn zombie (Crypt:1)
  6 vampire mosquitoes
  17 yaks
  8 wargs
  3 hell hounds (Spider:1)
  2 mottled dragons (Vaults:2)
  2 soldier ants
  17 porcupines
  10 wolves
  46 orc warriors
  11 water moccasins
  A torturous demonspawn skeleton (Crypt:1)
  28 spiders
  An eye of draining (D:11)
  A wasp (Spider:5)
  6 sky beasts
  19 centaurs
  2 ice beasts
  3 phantoms
  2 black bears
  A sky beast (shapeshifter) (Vaults:3)
  A manticore zombie (Crypt:1)
  A black mamba simulacrum (Crypt:1)
  2 ettin simulacra (Crypt:1)
  5 necrophages
  4 boggarts
  A boring beetle (Spider:3)
  A swamp dragon skeleton (Crypt:1)
  Sigmund (D:7)
  Duvessa (D:7)
  A crocodile (shapeshifter) (Vaults:5)
  37 ogres
  13 crocodiles
  27 giant frogs
  2 big kobolds
  2 wyvern zombies
  2 earth elementals (WizLab)
  14 scorpions
  A swamp dragon simulacrum (Crypt:1)
  11 killer bees
  A troll skeleton (Crypt:1)
  A wight (D:13)
  An elf simulacrum (Vaults:3)
  6 electric eels
  A raiju skeleton (Crypt:2)
  A giant frog zombie (D:10)
  Dowan (D:7)
  3 goliath beetles
  2 quasits
  11 jellies
  33 orc priests
  Crazy Yiuf (D:7)
  7 crimson imps
  A hell rat (Elf:1)
  10 worker ants
  7 hounds
  6 iguanas
  28 orc wizards
  14 sheep
  2 killer bee zombies
  A deep dwarf zombie (Crypt:2)
  2 naga skeletons (Crypt:1)
  A necrophage skeleton (Crypt:3)
  2 hound skeletons (D:6)
  A deep dwarf skeleton (Crypt:1)
  4 mummies (Tomb:1)
  A worker ant zombie (D:5)
  21 adders
  A gnoll (shapeshifter) (Vaults:3)
  15 gnolls
  46 river rats
  8 shadow imps
  2 giant mites
  6 worms
  An adder skeleton (D:6)
  2 giant geckos
  2 oozes
  195 orcs
  A bat skeleton (D:4)
  A bat zombie (D:7)
  7 giant cockroaches
  47 hobgoblins
  6 jackals
  4 ball pythons
  19 bats
  A giant gecko skeleton (Crypt:1)
  4 giant newts
  33 goblins
  36 kobolds
  A kobold zombie (Crypt:2)
  An orc zombie (Crypt:1)
  13 quokkas
  A quokka skeleton (D:6)
  16 rats
  A spectral orc (D:7)
  A briar patch (WizLab)
  A crawling corpse (Elf:3)
  5 plants
  6 tentacles (Shoals:5)
  9 toadstools (WizLab)
2355 creatures vanquished.

Vanquished Creatures (collateral kills)
  Khufu (Tomb:1)
  2 greater mummies (Tomb:1)
  2 tentacled monstrosities (Vaults:5)
  A lich (Tomb:1)
  2 deep elf blademasters (Elf:3)
  A deep elf master archer (Elf:3)
  A titan (Vaults:5)
  4 sphinxes (Tomb:1)
  A tengu reaver (Vaults:5)
  An ancient champion (Tomb:1)
  A shadow dragon (Vaults:5)
  An Executioner (Elf:3)
  A fire giant (Vaults:5)
  3 deep elf sorcerers
  A ghoul (Crypt:1)
  2 bennus (Tomb:1)
  9 deep elf demonologists
  2 unborn (Tomb:1)
  4 deep elf annihilators (Elf:3)
  An ettin (Vaults:5)
  An eidolon (Crypt:1)
  2 mummy priests (Tomb:1)
  A merfolk impaler (Shoals:5)
  6 deep elf death magi (Elf:3)
  A merfolk javelineer (Shoals:5)
  2 deep elf high priests (Elf:3)
  2 jiangshi (Crypt:1)
  2 yaktaur captains (Vaults:5)
  An ogre mage (Vaults:5)
  A titan zombie (Crypt:1)
  An orc high priest (Orc:4)
  3 deep elf knights
  A titan skeleton (Crypt:1)
  A sun demon (Elf:3)
  A hell knight (Vaults:4)
  4 skeletal warriors
  4 death scarabs (Tomb:1)
  2 sea snakes (Shoals:5)
  A shadow wraith (Tomb:1)
  An ironbrand convoker (Vaults:5)
  A flayed ghost (Crypt:1)
  3 necromancers
  An anubis guard (Tomb:1)
  An ice devil (Elf:3)
  2 orc knights (Orc:4)
  5 deep elf conjurers
  An orb spider (Spider:5)
  A water nymph (Shoals:5)
  A sixfirhy (Orc:4)
  2 hornets (Spider:5)
  2 phantasmal warriors
  3 stone giant skeletons
  2 frost giant skeletons (Crypt:1)
  A smoke demon (Orc:4)
  4 yaktaurs
  A tormentor (Elf:3)
  2 blue devils (Elf:3)
  6 guardian mummies (Tomb:1)
  A hellwing (Orc:4)
  A deep elf priest (Elf:3)
  2 merfolk (Shoals:5)
  A silent spectre (Crypt:1)
  A red devil (Elf:3)
  4 ushabtiu (Tomb:1)
  A freezing wraith (Crypt:1)
  A bog body (Crypt:1)
  2 redbacks
  An ettin skeleton (Crypt:1)
  2 water elementals (Shoals:4)
  4 flying skulls (Tomb:1)
  A ynoxinul (Orc:4)
  2 ice dragon skeletons (Crypt:1)
  A wraith (Tomb:1)
  4 deep elf magi
  A vampire mosquito (Elf:3)
  2 deep elf fighters
  2 chaos spawn (Elf:3)
  9 orc warriors (Orc:4)
  A spiny frog skeleton (Crypt:1)
  A wasp (Spider:5)
  A necrophage (Crypt:1)
  A swamp dragon zombie (Tomb:1)
  An ogre (Vaults:5)
  A snapping turtle skeleton (Crypt:1)
  A manticore skeleton (Crypt:1)
  A killer bee (Elf:3)
  An orc wizard (Elf:1)
  8 orc priests
  An ogre zombie (Crypt:1)
  8 mummies (Tomb:1)
  5 orcs
  2 crawling corpses (Elf:3)
  A fungus (Elf:3)
  A tentacle (Shoals:5)
196 creatures vanquished.

Vanquished Creatures (others)
  A tengu reaver (Vaults:5)
  4 daevas
  9 angels
  A stone giant (Vaults:5)
  2 merfolk javelineers (Shoals:5)
  A deep elf death mage (Vaults:5)
  A yaktaur captain (Vaults:4)
  3 centaur warriors
  2 satyrs
  A deep elf knight (Elf:1)
  An ironbrand convoker (Vaults:5)
  A necromancer (Crypt:3)
  A cyclops (Shoals:5)
  6 fauns
  A vault sentinel (Vaults:5)
  A manticore (Shoals:2)
  34 drowned souls
  15 yaktaurs
  A red devil (Elf:3)
  A jumping spider (Spider:5)
  A hippogriff (Lair:6)
  4 centaurs (WizLab)
  10 lost souls
  A spiny frog simulacrum (Crypt:3)
  A mummy (Tomb:1)
  An adder (Lair:6)
  A giant spore (D:14)
  A fungus (Lair:8)
  11 plants
  25 tentacles (Shoals:5)
  211 tentacle segments (Shoals:5)
  12 toadstools (WizLab)
366 creatures vanquished.

Grand Total: 2917 creatures vanquished

Notes
Turn   | Place    | Note
--------------------------------------------------------------
     0 | D:1      | Zell789, the Formicid Fighter, began the quest for the Orb.
     0 | D:1      | Reached XP level 1. HP: 18/18 MP: 1/1
   132 | D:1      | Reached XP level 2. HP: 9/24 MP: 3/3
   342 | D:1      | Reached skill level 4 in Shields
   691 | D:1      | Reached XP level 3. HP: 29/29 MP: 4/4
  1084 | D:2      | Reached skill level 1 in Dodging
  1365 | D:3      | Reached XP level 4. HP: 29/37 MP: 5/5
  1369 | D:3      | Noticed Zell789's ghost (average DrSk)
  1420 | D:3      | Killed Zell789's ghost
  1420 | D:3      | Reached XP level 5. HP: 7/42 MP: 7/7
  1688 | D:3      | Reached XP level 6. HP: 48/48 MP: 8/8
  1971 | D:3      | Found an opulent altar of Gozag.
  2262 | D:4      | Got a pair of scorched gloves
  2271 | D:4      | Identified the +1 pair of gloves of Good Intentions {-Cast Int+4 Dex+4} (You found it on level 4 of the Dungeon)
  2368 | D:4      | Reached skill level 5 in Shields
  2383 | D:4      | Found a snail-covered altar of Cheibriados.
  2383 | D:4      | Found an ancient bone altar of Kikubaaqudgha.
  2557 | D:4      | Found a shattered altar of Ashenzari.
  2639 | D:4      | Found a glowing drain.
  2933 | D:5      | Entered Level 5 of the Dungeon
  3078 | D:5      | Reached XP level 7. HP: 43/55 MP: 9/9
  3295 | D:5      | Found a sparkling altar of Nemelex Xobeh.
  3513 | D:5      | Reached skill level 6 in Shields
  3527 | D:5      | Found a stormy altar of Qazlal.
  3529 | D:5      | Noticed a water elemental
  3529 | D:5      | Noticed an air elemental
  3529 | D:5      | Noticed a fire elemental
  4345 | D:6      | Reached XP level 8. HP: 8/61 MP: 11/11
  4619 | D:5      | Reached skill level 5 in Armour
  5291 | D:6      | Gained mutation: You are partially covered in molten scales (AC +1). [mutagenic meat]
  5316 | D:6      | Found a glowing silver altar of Zin.
  5342 | D:6      | Reached skill level 7 in Shields
  5523 | D:6      | Found a staircase to the Ecumenical Temple.
  5570 | Temple   | Entered the Ecumenical Temple
  5581 | Temple   | Became a worshipper of the Shining One
  6073 | D:7      | Noticed Prince Ribbit
  6547 | D:7      | Noticed Duvessa
  6547 | D:7      | Noticed Dowan
  6701 | D:6      | Reached skill level 5 in Fighting
  6740 | D:7      | Noticed Sigmund
  6780 | D:7      | Killed Sigmund
  6803 | D:7      | Noticed Crazy Yiuf
  6929 | D:8      | Reached skill level 5 in Long Blades
  6929 | D:8      | Reached XP level 9. HP: 47/68 MP: 12/12
  7102 | D:8      | Noticed a two-headed ogre
  7136 | D:7      | Reached skill level 8 in Shields
  7167 | D:7      | Found a basalt altar of Yredelemnul.
  7243 | D:7      | Gained mutation: You are dopey. (Int -2) [potion of mutation]
  7243 | D:7      | Gained mutation: You can breathe flames. [potion of mutation]
  7536 | D:7      | Killed Prince Ribbit
  7770 | D:7      | Killed Duvessa
  7811 | D:7      | Killed Dowan
  7998 | D:7      | Killed Crazy Yiuf
  8180 | D:8      | Reached skill level 9 in Shields
  8358 | D:8      | Acquired the Shining One's first power
  8821 | D:8      | Found Skaucso's Food Shoppe.
  8900 | D:8      | Reached XP level 10. HP: 76/76 MP: 13/13
  8934 | D:8      | Found a sacrificial altar of Ru.
  9210 | D:9      | Found a shadowy altar of Dithmenos.
  9262 | D:9      | Reached skill level 10 in Shields
  9518 | D:9      | Found a shimmering altar of Xom.
  9518 | D:9      | Found a shimmering altar of Xom.
  9519 | D:9      | Found a shimmering altar of Xom.
  9519 | D:9      | Found a shimmering altar of Xom.
  9519 | D:9      | Found a shimmering altar of Xom.
  9520 | D:9      | Found a shimmering altar of Xom.
  9520 | D:9      | Found a shimmering altar of Xom.
  9754 | D:9      | Found a staircase to the Lair.
 10553 | D:9      | Found an iron altar of Okawaru.
 10934 | D:10     | Entered Level 10 of the Dungeon
 10934 | D:10     | Noticed a hill giant
 10941 | D:10     | Killed a hill giant
 10941 | D:10     | Reached XP level 11. HP: 52/84 MP: 15/15
 11186 | D:10     | Noticed a hill giant
 11197 | D:10     | Killed a hill giant
 11197 | D:10     | Reached skill level 5 in Dodging
 11307 | D:10     | Noticed a hill giant
 11314 | D:10     | Killed a hill giant
 11314 | D:10     | Reached skill level 11 in Shields
 11363 | D:10     | Noticed a hill giant
 11372 | D:10     | Killed a hill giant
 11372 | D:10     | Reached skill level 1 in Invocations
 11612 | D:10     | Acquired the Shining One's second power
 11965 | D:11     | Found a stormy altar of Qazlal.
 12190 | D:11     | Found a staircase to the Orcish Mines.
 12395 | D:11     | Noticed a manticore
 12403 | D:11     | Killed a manticore
 12576 | D:11     | Gained mutation: You have sharp toenails. [mutagenic meat]
 12897 | D:11     | Reached skill level 10 in Long Blades
 13003 | D:12     | Found Homogac's Jewellery Boutique.
 13013 | D:12     | Reached XP level 12. HP: 83/93 MP: 21/21
 13018 | D:12     | Bought the ring "Prit" {+/*Tele rPois Dex+3} for 560 gold pieces
 13029 | D:12     | Gained mutation: You have difficulty communicating with the divine. [mutagenic meat]
 13094 | D:12     | You fall through a shaft for 3 floors!
 13094 | D:15     | Entered Level 15 of the Dungeon
 13094 | D:15     | Noticed Roxanne
 13378 | D:13     | Reached skill level 5 in Invocations
 13663 | D:13     | Noticed a skeletal warrior
 13663 | D:13     | Noticed a skeletal warrior
 13663 | D:13     | Noticed a skeletal warrior
 13699 | D:14     | Found a flagged portal.
 13703 | D:14     | Noticed a centaur warrior
 13714 | D:14     | Killed a centaur warrior
 13745 | Bailey   | Entered a bailey
 14238 | Bailey   | Noticed an orc warlord
 14288 | Bailey   | Killed an orc warlord
 14288 | Bailey   | Reached XP level 13. HP: 89/101 MP: 25/25
 14302 | Bailey   | Reached skill level 12 in Shields
 14327 | Bailey   | Got an encrusted battleaxe
 14328 | Bailey   | Identified the +12 battleaxe "Olunk" {freeze, Str+4 Int-4} (You found it in a bailey)
 14523 | D:14     | Killed a skeletal warrior
 14531 | D:13     | Killed a skeletal warrior
 14542 | D:13     | Killed a skeletal warrior
 14546 | D:13     | Noticed a skeletal warrior
 14655 | D:13     | Noticed a skeletal warrior
 14677 | D:14     | Killed a skeletal warrior
 14687 | D:14     | Killed a skeletal warrior
 14753 | D:13     | Gained mutation: Armour fits poorly on your strangely shaped body. [mutagenic meat]
 14981 | D:14     | Reached skill level 10 in Fighting
 15020 | D:14     | Noticed a centaur warrior
 15024 | D:14     | Killed a centaur warrior
 15024 | D:14     | Reached skill level 10 in Armour
 15047 | D:14     | Lost mutation: You have difficulty communicating with the divine. [potion of cure mutation]
 15047 | D:14     | Lost mutation: You are dopey. (Int -2) [potion of cure mutation]
 15047 | D:14     | Lost mutation: Armour fits poorly on your strangely shaped body. [potion of cure mutation]
 15047 | D:14     | Lost mutation: You can breathe flames. [potion of cure mutation]
 15047 | D:14     | Lost mutation: You have sharp toenails. [potion of cure mutation]
 15412 | D:13     | Gained mutation: Your flesh is heat resistant. [potion of beneficial mutation]
 15729 | D:12     | Noticed a hill giant
 15731 | D:12     | Killed a hill giant
 15745 | D:12     | Noticed a hill giant
 15754 | D:12     | Killed a hill giant
 15760 | D:12     | Noticed VortexMagus' ghost (powerful DECj)
 15796 | D:12     | Killed VortexMagus' ghost
 16033 | D:13     | Found Kuew's Gadget Boutique.
 16074 | D:13     | Noticed a vault guard
 16115 | D:13     | Noticed a vault guard
 16115 | D:13     | Acquired the Shining One's third power
 16484 | D:13     | Killed a vault guard
 16511 | D:13     | Killed a vault guard
 16527 | D:13     | Found a gate to the Vaults.
 16527 | D:13     | Noticed a vault guard
 16527 | D:13     | Noticed a vault guard
 16536 | D:13     | Killed a vault guard
 16536 | D:13     | Reached XP level 14. HP: 90/111 MP: 28/28
 16542 | D:13     | Killed a vault guard
 17286 | D:14     | Reached skill level 13 in Long Blades
 17529 | D:14     | Acquired the Shining One's fourth power
 17762 | D:15     | Got a brightly glowing scale mail
 17785 | D:15     | Noticed a centaur warrior
 17796 | D:15     | Killed a centaur warrior
 17802 | D:15     | Identified the cursed -3 scale mail of Orghuopu {-Cast Regen+ rCorr} (You found it on level 15 of the Dungeon)
 17968 | D:15     | Found a staircase to the Depths.
 18182 | Lair:1   | Entered Level 1 of the Lair of Beasts
 18192 | Lair:1   | Reached skill level 10 in Invocations
 19337 | Lair:2   | Reached skill level 1 in Stealth
 19367 | Lair:2   | Noticed Gastronok
 19380 | Lair:2   | Killed Gastronok
 19386 | Lair:2   | Got an ichor-stained battleaxe
 19387 | Lair:2   | Identified the +2 battleaxe "Chaoggig" {elec, Noisy +Inv rElec SInv Stlth-} (You found it on level 2 of the Lair of Beasts)
 19865 | Lair:3   | Reached XP level 15. HP: 120/120 MP: 30/30
 19912 | Lair:3   | Noticed Fannar
 19927 | Lair:3   | Killed Fannar
 19927 | Lair:3   | Reached skill level 14 in Long Blades
 20169 | Lair:3   | Found a blossoming altar of Fedhas.
 20523 | Lair:4   | Found a hole to the Spider Nest.
 21506 | Lair:4   | Found a staircase to the Shoals.
 23060 | Lair:6   | Got an ancient dagger
 23061 | Lair:6   | Identified the +6 dagger "Rucink" {freeze, rElec rF+} (You found it on level 6 of the Lair of Beasts)
 23101 | Lair:6   | Found a staircase to the Slime Pits.
 23667 | Lair:7   | Reached skill level 15 in Long Blades
 24047 | Lair:7   | Reached XP level 16. HP: 129/129 MP: 30/30
 24214 | Lair:7   | Identified a scroll of acquirement
 24520 | Lair:8   | Entered Level 8 of the Lair of Beasts
 25653 | Lair:8   | Reached skill level 15 in Shields
 26063 | Orc:1    | Entered Level 1 of the Orcish Mines
 26108 | Orc:1    | Noticed Eustachio
 26113 | Orc:1    | Killed Eustachio
 26230 | Orc:2    | Found Wosif's Book Shop.
 26587 | Orc:4    | Entered Level 4 of the Orcish Mines
 26708 | Orc:4    | Found Klys' Food Boutique.
 27499 | Orc:4    | Found Semnig's Distillery.
 27500 | Orc:4    | Found Gauxkeiw's Magic Scroll Shoppe.
 27500 | Orc:4    | Found Baotsubb's General Store.
 27501 | Orc:4    | Found Blavuge's Antique Armour Emporium.
 27511 | Orc:4    | Bought a spiked cloak for 323 gold pieces
 27513 | Orc:4    | Identified the +0 cloak of the Nine Spirits {rPois} (You bought it in a shop on level 4 of the Orcish Mines)
 27529 | Orc:4    | Bought a potion of beneficial mutation for 420 gold pieces
 27529 | Orc:4    | Gained mutation: Your mind is acute. (Int +2) [potion of beneficial mutation]
 27531 | Orc:4    | Bought a scroll of enchant armour for 127 gold pieces
 28613 | Orc:1    | Found Prats' Antique Weapon Shop.
 29059 | Orc:3    | Found Arashrouho's Food Shoppe.
 29073 | Orc:3    | Reached skill level 16 in Long Blades
 29300 | Orc:3    | Found a staircase to the Elven Halls.
 29527 | Elf:1    | Entered Level 1 of the Elven Halls
 29634 | Elf:1    | Found a flickering gateway to a bazaar.
 29704 | Bazaar   | Entered a bazaar
 29718 | Bazaar   | Found Suugis' Distillery.
 29742 | Bazaar   | Found Gheig's Armour Shoppe.
 29794 | Bazaar   | Bought a +0 pair of boots for 58 gold pieces
 29814 | Bazaar   | Bought a potion of curing for 27 gold pieces
 29814 | Bazaar   | Bought a potion of heal wounds for 45 gold pieces
 29814 | Bazaar   | Bought a potion of curing for 27 gold pieces
 29814 | Bazaar   | Bought a potion of heal wounds for 45 gold pieces
 29814 | Bazaar   | Bought a potion of heal wounds for 45 gold pieces
 29814 | Bazaar   | Bought a potion of resistance for 90 gold pieces
 29814 | Bazaar   | Bought a potion of resistance for 90 gold pieces
 29943 | Elf:1    | Reached XP level 17. HP: 124/138 MP: 31/31
 30287 | Elf:1    | Noticed an Ice Fiend
 31384 | Elf:2    | Reached skill level 17 in Long Blades
 31498 | Elf:2    | Found a shimmering altar of Xom.
 31560 | Elf:2    | Found a runed gate.
 31561 | Elf:2    | Found a runed gate.
 31565 | Elf:2    | Found a runed gate.
 32344 | Elf:2    | Reached XP level 18. HP: 73/147 MP: 26/32
 32685 | Elf:2    | Noticed a Hell Sentinel
 32694 | Elf:3    | Entered Level 3 of the Elven Halls
 32694 | Elf:3    | Found Stroes' Assorted Antiques.
 32699 | Elf:3    | Bought a twitching pewter ring for 205 gold pieces
 32699 | Elf:3    | Identified the ring of Pnonit {SustAb rC+ MP+9 Int+2} (You bought it in a shop on level 3 of the Elven Halls)
 32801 | Elf:3    | Bought a distressingly furry ring mail for 369 gold pieces
 32801 | Elf:3    | Identified the cursed -4 ring mail of Amelioration {rF- MR+ Regen+ MP+9 Stlth+} (You bought it in a shop on level 3 of the Elven Halls)
 32989 | Elf:3    | Noticed a Brimstone Fiend
 33032 | Elf:3    | Noticed a Hell Sentinel
 33143 | Elf:3    | Reached skill level 18 in Long Blades
 33146 | Elf:3    | Got an ancient long sword
 33147 | Elf:3    | Identified the +5 long sword "Siydaume" {vamp, *Rage Int+2 Dex+12} (You took it off a deep elf death mage on level 3 of the Elven Halls)
 33244 | Elf:3    | Got a turquoise-studded ring mail
 33255 | Elf:3    | Identified the cursed -3 ring mail "Khocikacs" {rPois rF+ Str+6 Int-3 Dex+3} (You found it on level 3 of the Elven Halls)
 33405 | Elf:3    | Got a crystal falchion
 33406 | Elf:3    | Identified the cursed +3 falchion "Zase" {slice, +Rage rF- SInv} (You took it off a deep elf sorcerer on level 3 of the Elven Halls)
 33755 | Elf:3    | Identified the Volume of Frigorific Evil
 33769 | Elf:3    | Got a slimy great sword
 33770 | Elf:3    | Identified the +7 great sword of Wondrous Power {drain, rF+} (You found it on level 3 of the Elven Halls)
 33781 | Elf:3    | Got a jewelled falchion
 33782 | Elf:3    | Identified the cursed +2 falchion of Forgiveness {flame, MR+ Str+2 SInv} (You found it on level 3 of the Elven Halls)
 33886 | Elf:3    | Found a huge runed gate.
 33887 | Elf:3    | Found a huge runed gate.
 33887 | Elf:3    | Found a huge runed gate.
 33887 | Elf:3    | Found a huge runed gate.
 33887 | Elf:3    | Found a huge runed gate.
 33891 | Elf:3    | Found a huge runed gate.
 33891 | Elf:3    | Found a huge runed gate.
 33891 | Elf:3    | Found a huge runed gate.
 33892 | Elf:3    | Found a huge runed gate.
 33892 | Elf:3    | Found a huge runed gate.
 33893 | Elf:3    | Found a huge runed gate.
 33894 | Elf:3    | Found a huge runed gate.
 33895 | Elf:3    | Found a huge runed gate.
 33896 | Elf:3    | Found a huge runed gate.
 33897 | Elf:3    | Found a huge runed gate.
 33912 | Elf:3    | Found a huge runed gate.
 33912 | Elf:3    | Found a huge runed gate.
 33912 | Elf:3    | Found a huge runed gate.
 33912 | Elf:3    | Found a huge runed gate.
 33912 | Elf:3    | Found a huge runed gate.
 34975 | Spider:1 | Entered Level 1 of the Spider Nest
 35069 | Spider:1 | Noticed Agnes
 35081 | Spider:1 | Killed Agnes
 35101 | Spider:1 | Noticed Azrael
 35132 | Spider:1 | Killed Azrael
 35147 | Spider:1 | Reached XP level 19. HP: 154/154 MP: 34/34
 35410 | Spider:1 | Noticed Nessos
 35415 | Spider:1 | Killed Nessos
 36058 | Spider:2 | Reached skill level 19 in Long Blades
 36834 | Spider:3 | Noticed Donald
 36846 | Spider:3 | Killed Donald
 37905 | Spider:4 | Reached skill level 15 in Fighting
 37943 | Spider:4 | Noticed StephenWHawking's ghost (mighty GrBe)
 38005 | Spider:4 | Killed StephenWHawking's ghost
 38912 | Spider:4 | Got an ichor-stained long sword
 38913 | Spider:4 | Identified the cursed -2 long sword of Indomitability {slice, rElec rN+ Str-3 Int+4} (You found it on level 4 of the Spider Nest)
 38926 | Spider:5 | Entered Level 5 of the Spider Nest
 38926 | Spider:5 | Noticed Arachne
 38926 | Spider:5 | Noticed Jorgrun
 38940 | Spider:4 | Killed Jorgrun
 39010 | Spider:5 | Killed Arachne
 40190 | Spider:5 | Reached XP level 20. HP: 156/162 MP: 2/35
 40227 | Spider:5 | Reached skill level 20 in Long Blades
 40239 | Spider:5 | Got a gossamer rune of Zot
 40716 | Shoals:1 | Entered Level 1 of the Shoals
 41230 | Shoals:2 | Noticed Polyphemus
 41690 | Shoals:1 | Killed Polyphemus
 42033 | Shoals:2 | Found Bruc's Antique Weapon Shoppe.
 43156 | Shoals:4 | Noticed Kirke
 43177 | Shoals:3 | Killed Kirke
 44516 | Shoals:5 | Entered Level 5 of the Shoals
 44722 | Shoals:5 | Identified the Volume of Flying Self-Improvement
 44764 | Shoals:5 | Noticed Ilsuiw
 44786 | Shoals:5 | Killed Ilsuiw
 44932 | Shoals:5 | Reached XP level 21. HP: 158/170 MP: 36/36
 45080 | Shoals:5 | Reached skill level 21 in Long Blades
 45395 | Shoals:5 | Noticed SolCadguy's ghost (mighty NaFi)
 45415 | Shoals:5 | Killed SolCadguy's ghost
 46498 | Shoals:5 | Got a twisted scale mail
 46499 | Shoals:5 | Identified the +3 scale mail "Donoz" {rPois rN+ Str-5 Dex+4 Slay-5} (You took it off a merfolk on level 5 of the Shoals)
 47288 | Shoals:5 | Got a barnacled rune of Zot
 47673 | Vaults:1 | Entered Level 1 of the Vaults
 49097 | Vaults:2 | Got a pitted chain mail
 49098 | Vaults:2 | Identified the +2 chain mail "Pompoz" {-Tele +Fly rN+ rCorr Str-3} (You found it on level 2 of the Vaults)
 49215 | Vaults:2 | Found a flickering gateway to a bazaar.
 49225 | Bazaar   | Entered a bazaar
 49225 | Bazaar   | Found Xaoggar's Magic Scroll Boutique.
 49232 | Bazaar   | Found Ikhlaoq's Antique Weapon Emporium.
 49249 | Bazaar   | Found Pulioqy's Gadget Boutique.
 49262 | Bazaar   | Found Does' Antique Armour Shoppe.
 49269 | Bazaar   | Found Cemub's General Store.
 49289 | Bazaar   | Bought a scroll of identify for 22 gold pieces
 49289 | Bazaar   | Bought a scroll of acquirement for 572 gold pieces
 49289 | Bazaar   | Bought a scroll of identify for 22 gold pieces
 49311 | Bazaar   | Got a pair of warped gloves
 49312 | Bazaar   | Identified the +2 pair of gloves of Salvation {Str-3 Int+3 Dex+3 Slay+2} (You acquired it in a bazaar)
 49351 | Bazaar   | Bought a heavily runed scale mail for 162 gold pieces
 49351 | Bazaar   | Identified the +0 scale mail of the Blessed Realm {rPois rC- rN+ MR+ Slay+3} (You bought it in a shop in a bazaar)
 49363 | Bazaar   | Bought a potion of curing for 36 gold pieces
 49363 | Bazaar   | Bought a potion of heal wounds for 60 gold pieces
 49371 | Bazaar   | Bought an ice dragon armour for 1080 gold pieces
 49491 | Vaults:2 | Reached skill level 15 in Armour
 50255 | Vaults:2 | Reached skill level 22 in Long Blades
 50429 | Vaults:3 | Reached XP level 22. HP: 179/179 MP: 36/36
 50484 | Vaults:3 | Found Gozag's Assorted Antiques.
 50502 | Vaults:3 | Found an opulent altar of Gozag.
 50697 | Vaults:3 | Found a staircase to the Crypt.
 51036 | Vaults:3 | Found a magical portal.
 51049 | WizLab   | Entered Eringya's Formal Garden
 51248 | WizLab   | Found a blossoming altar of Fedhas.
 51280 | WizLab   | Identified Klympiaf's Beginning Course on Secret Knowledge
 51282 | WizLab   | Identified the Compendium of Decompression
 51294 | WizLab   | Identified A Primer on Magic
 51299 | WizLab   | Identified Molaohe's Collected Works on Warped Attacks (You found it in a wizard's laboratory)
 51303 | WizLab   | Learned a level 2 spell: Song of Slaying
 51307 | WizLab   | Learned a level 3 spell: Spectral Weapon
 52218 | Vaults:3 | Found Gozag's Antique Weapon Emporium.
 52219 | Vaults:3 | Found Gozag's Antique Armour Emporium.
 52866 | Vaults:4 | Reached skill level 23 in Long Blades
 53362 | Vaults:4 | Noticed Margery
 53392 | Vaults:4 | Reached XP level 23. HP: 176/186 MP: 34/37
 53400 | Vaults:4 | Killed Margery
 53510 | Vaults:5 | Entered Level 5 of the Vaults
 55386 | Vaults:4 | Reached skill level 24 in Long Blades
 56016 | Vaults:5 | Got a slimy copper ring
 56021 | Vaults:5 | Identified the ring "Retodyckez" {Wiz rC+ MR++ Str+2} (You found it on level 5 of the Vaults)
 56058 | Vaults:5 | Reached XP level 24. HP: 101/195 MP: 32/38
 57728 | Vaults:5 | Gained mutation: Your flesh is cold resistant. [mutagenic meat]
 57851 | Vaults:5 | Gained mutation: Armour fits poorly on your strangely shaped body. [a shining eye]
 57853 | Vaults:5 | Gained mutation: Your spells are a little easier to cast, but a little less powerful. [a shining eye]
 57870 | Vaults:5 | Gained mutation: You can spit poison. [mutagenic meat]
 58629 | Vaults:5 | Got a silver rune of Zot
 58726 | Vaults:5 | Got a smoking buckler
 58727 | Vaults:5 | Identified the cursed -4 buckler of an ice cave {Dex+5 Stlth+} (You found it on level 5 of the Vaults)
 59025 | D:12     | Bought an uncursed amulet of resist mutation for 640 gold pieces
 59046 | D:11     | Noticed a manticore
 59052 | D:11     | Killed a manticore
 59282 | Orc:4    | Bought a potion of cure mutation for 420 gold pieces
 59282 | Orc:4    | Bought a potion of curing for 36 gold pieces
 59282 | Orc:4    | Bought a potion of heal wounds for 60 gold pieces
 59282 | Orc:4    | Bought a potion of might for 48 gold pieces
 60298 | D:9      | Lost mutation: Your flesh is cold resistant. [potion of cure mutation]
 60298 | D:9      | Lost mutation: Your spells are a little easier to cast, but a little less powerful. [potion of cure mutation]
 60298 | D:9      | Lost mutation: Your flesh is heat resistant. [potion of cure mutation]
 60298 | D:9      | Lost mutation: You can spit poison. [potion of cure mutation]
 60301 | D:9      | Gained mutation: You are clumsy. (Dex -2) [potion of mutation]
 60301 | D:9      | Gained mutation: Your spells are a little harder to cast, but a little more powerful. [potion of mutation]
 60301 | D:9      | Lost mutation: Your mind is acute. (Int +2) [potion of mutation]
 60302 | D:9      | Gained mutation: Your spells are harder to cast, but more powerful. [potion of mutation]
 60302 | D:9      | Lost mutation: Armour fits poorly on your strangely shaped body. [potion of mutation]
 60302 | D:9      | Gained mutation: Your system is resistant to poisons. [potion of mutation]
 60303 | D:9      | Gained mutation: You passively map a small area around you. [potion of mutation]
 60303 | D:9      | Gained mutation: You are covered in fur (AC +1). [potion of mutation]
 60303 | D:9      | Gained mutation: Potions and wands are less effective at restoring your health. [potion of mutation]
 60304 | D:9      | Gained mutation: You are somewhat resistant to further mutation. [potion of mutation]
 60304 | D:9      | Gained mutation: You have large cloven feet. [potion of mutation]
 60304 | D:9      | Lost mutation: You are clumsy. (Dex -2) [potion of mutation]
 60306 | D:9      | Gained mutation: You are weak. (Str -2) [potion of mutation]
 60634 | Crypt:1  | Entered Level 1 of the Crypt
 60706 | Crypt:1  | Reached skill level 25 in Long Blades
 61392 | Crypt:1  | Reached XP level 25. HP: 204/204 MP: 38/38
 62565 | Crypt:3  | Entered Level 3 of the Crypt
 62785 | Crypt:3  | Found an ancient bone altar of Kikubaaqudgha.
 62834 | Crypt:3  | Reached skill level 26 in Long Blades
 63515 | Crypt:3  | Reached XP level 26. HP: 212/212 MP: 39/39
 63539 | Crypt:3  | Found a staircase to the Tomb.
 63936 | Tomb:1   | Entered Level 1 of the Tomb of the Ancients
 64256 | Tomb:1   | Noticed a greater mummy
 64258 | Tomb:1   | Noticed Khufu
 64263 | Tomb:1   | Killed Khufu
 64267 | Tomb:1   | Killed a greater mummy
 64409 | Tomb:1   | Noticed a greater mummy
 64457 | Tomb:1   | Killed a greater mummy
 64489 | Tomb:1   | Noticed a greater mummy
 64492 | Tomb:1   | Killed from afar by a revenant

Action                   |  1- 3 |  4- 6 |  7- 9 | 10-12 | 13-15 | 16-18 | 19-21 | 22-24 | 25-27 || total
-------------------------+-------+-------+-------+-------+-------+-------+-------+-------+-------++-------
Melee: Long sword        |    23 |       |       |       |       |       |       |       |       ||    23
       Short sword       |   137 |   238 |  1034 |   239 |       |       |       |       |       ||  1648
       Eudemon blade     |       |       |       |   514 |   911 |  1346 |  1942 |  1594 |   750 ||  7057
       Scimitar          |       |       |       |       |    36 |    47 |       |       |       ||    83
Invok: Divine Shield     |       |       |       |     1 |       |     1 |     8 |     3 |     2 ||    15
       Summon Divine War |       |       |       |       |       |    12 |     7 |     9 |     8 ||    36
       Cleansing Flame   |       |       |       |       |       |       |       |       |     2 ||     2
 Abil: Dig               |       |       |       |    15 |     1 |     9 |    10 |     1 |     1 ||    37
       Evoke Flight      |       |       |       |     1 |       |       |       |       |       ||     1
Evoke: Wand              |       |       |       |       |       |     3 |     1 |     1 |       ||     5
  Use: Scroll            |       |     2 |    10 |     9 |     9 |    16 |    16 |     9 |     2 ||    73
       Potion            |       |       |    14 |     1 |     4 |    11 |     7 |    17 |     9 ||    63
  Eat: Chunk             |     1 |     5 |    21 |    12 |    32 |    33 |    48 |    28 |     3 ||   183
       Fruit             |       |     1 |     1 |     1 |       |       |     1 |       |       ||     4
       Bread ration      |       |       |       |     3 |       |     2 |       |       |     1 ||     6
       Royal jelly       |       |       |       |       |       |       |     3 |       |       ||     3
       Pizza             |       |       |       |       |       |       |       |     1 |     1 ||     2
       Beef jerky        |       |       |       |       |       |       |       |     7 |     2 ||     9
